BSA
LOS CABOS CARTEL @ NIAGARA FALLS FRENZY
06/08/2024
 
TOP OF THE 1ST
Los Cabos Cartel batting - Pitching for Niagara Falls Frenzy : LHP Manuel Rodríguez
Pitching: LHP Manuel Rodríguez
Batting: RHB Dan Mason 0-0: Bunt for hit - play at first, batter OUT! 2-3
Batting: RHB Oliver Hernández 0-0: Ball
1-0: Swinging Strike
1-1: Ball
2-1: Bunted foul
2-2: Ball
3-2: DOUBLE (Line Drive, 7M)
Batting: SHB Julián Madrid 0-0: Ball
1-0: SINGLE (Groundball, 34)
Oliver Hernández to third
Runner from 3rd tries for Home, SAFE, throw made home
Julián Madrid to second
Batting: LHB José Rivas 0-0: Ground out 4-3 (Groundball, 4)
Julián Madrid to third
Batting: RHB Oliver Lugo 0-0: Foul Ball, location: 2F
0-1: Ball
1-1: Fly out, F6 (Popup, 6)
Top of the 1st over - 1 run(s), 2 hit(s), 0 error(s), 1 left on base; Los Cabos 1 - Niagara Falls 0
BOTTOM OF THE 1ST
Niagara Falls Frenzy batting - Pitching for Los Cabos Cartel : RHP Dillon Nelson
Pitching: RHP Dillon Nelson
Batting: RHB Eichiro Yamamoto 0-0: Called Strike
0-1: Fly out, F7 (Flyball, 7D)
Batting: RHB Ángel Hinojosa 0-0: Called Strike
0-1: Foul Ball, location: 2F
0-2: Strikes out swinging
Batting: LHB Dante Owens 0-0: Ground out 4-3 (Groundball, 4)
Bottom of the 1st over - 0 run(s), 0 hit(s), 0 error(s), 0 left on base; Los Cabos 1 - Niagara Falls 0
TOP OF THE 2ND
Los Cabos Cartel batting - Pitching for Niagara Falls Frenzy : LHP Manuel Rodríguez
Batting: LHB Luis González 0-0: Called Strike
0-1: Ball
1-1: Swinging Strike
1-2: Ball
2-2: Strikes out swinging
Batting: LHB Manny Quińones 0-0: Called Strike
0-1: Ball
1-1: Foul Ball, location: 2F
1-2: SOLO HOME RUN (Flyball, 9LD), Distance : 375 ft
Batting: RHB Stephen Wilson 0-0: Ball
1-0: Swinging Strike
1-1: Swinging Strike
1-2: Foul Ball, location: 2F
1-2: Ball
2-2: Ball
3-2: Strikes out looking
Batting: LHB Marc Brown 0-0: Ball
1-0: Called Strike
1-1: Ball
2-1: Foul Ball, location: 2F
2-2: Ball
3-2: Strikes out swinging
Top of the 2nd over - 1 run(s), 1 hit(s), 0 error(s), 0 left on base; Los Cabos 2 - Niagara Falls 0
BOTTOM OF THE 2ND
Niagara Falls Frenzy batting - Pitching for Los Cabos Cartel : RHP Dillon Nelson
Batting: SHB Ray Burgess 0-0: Swinging Strike
0-1: Ground out 4-3 (Groundball, 4)
Batting: RHB Lawrence Schroeder 0-0: Swinging Strike
0-1: Swinging Strike
0-2: Ball
1-2: Strikes out swinging
Batting: SHB Shumei Yokoyama 0-0: Called Strike
0-1: Foul Ball, location: 2F
0-2: Foul Ball, location: 2F
0-2: Ball
1-2: Ball
2-2: Ball
3-2: SINGLE (Line Drive, 6D)
Batting: SHB Martín De Jesús 0-0: Called Strike
0-1: Fly out, F5 (Popup, 5S)
Bottom of the 2nd over - 0 run(s), 1 hit(s), 0 error(s), 1 left on base; Los Cabos 2 - Niagara Falls 0
TOP OF THE 3RD
Los Cabos Cartel batting - Pitching for Niagara Falls Frenzy : LHP Manuel Rodríguez
Batting: RHB Dan Mason 0-0: Ground out 6-3 (Groundball, 56)
Batting: RHB Oliver Hernández 0-0: Ground out 6-3 (Groundball, 6M)
Batting: SHB Julián Madrid 0-0: Called Strike
0-1: Swinging Strike
0-2: Ground out 1-3 (Groundball, 15S)
Top of the 3rd over - 0 run(s), 0 hit(s), 0 error(s), 0 left on base; Los Cabos 2 - Niagara Falls 0
BOTTOM OF THE 3RD
Niagara Falls Frenzy batting - Pitching for Los Cabos Cartel : RHP Dillon Nelson
Batting: RHB Cordell Gibson 0-0: SINGLE (Line Drive, 8LS)
Batting: RHB Juan Carlos Rodríguez 0-0: Called Strike
0-1: Ball
Passed Ball!
Cordell Gibson to second
1-1: Swinging Strike
1-2: Fly out, F9 (Flyball, 9D)
Batting: RHB Eichiro Yamamoto 0-0: Called Strike
0-1: Ball
1-1: Foul Ball, location: 2F
1-2: Strikes out swinging
Batting: RHB Ángel Hinojosa 0-0: Ball
1-0: Foul Ball, location: 2F
1-1: Ball
2-1: Foul Ball, location: 2F
2-2: Strikes out looking
Bottom of the 3rd over - 0 run(s), 1 hit(s), 0 error(s), 1 left on base; Los Cabos 2 - Niagara Falls 0
TOP OF THE 4TH
Los Cabos Cartel batting - Pitching for Niagara Falls Frenzy : LHP Manuel Rodríguez
Batting: LHB José Rivas 0-0: Ball
1-0: Ball
2-0: Foul Ball, location: 2F
2-1: Called Strike
2-2: Fly out, F7 (Flyball, 7LS)
Batting: RHB Oliver Lugo 0-0: Foul Ball, location: 2F
0-1: Swinging Strike
0-2: Strikes out looking
Batting: LHB Luis González 0-0: Called Strike
0-1: Foul Ball, location: 2F
0-2: Ball
1-2: Foul Ball, location: 2F
1-2: Ground out 4-3 (Groundball, 34)
Top of the 4th over - 0 run(s), 0 hit(s), 0 error(s), 0 left on base; Los Cabos 2 - Niagara Falls 0
BOTTOM OF THE 4TH
Niagara Falls Frenzy batting - Pitching for Los Cabos Cartel : RHP Dillon Nelson
Batting: LHB Dante Owens 0-0: Ball
1-0: Ball
2-0: Called Strike
2-1: Swinging Strike
2-2: SINGLE (Line Drive, 9S)
Batting: SHB Ray Burgess 0-0: Called Strike
0-1: Ball
1-1: 2-RUN HOME RUN (Flyball, 8LXD), Distance : 407 ft
Batting: RHB Lawrence Schroeder 0-0: Ball
1-0: Ball
2-0: Called Strike
2-1: Swinging Strike
2-2: Foul Ball, location: 2F
2-2: Foul Ball, location: 2F
2-2: Ball
3-2: Strikes out looking
Batting: SHB Shumei Yokoyama 0-0: Ball
1-0: Ball
2-0: Ball
3-0: Called Strike
3-1: Called Strike
3-2: Strikes out swinging
Batting: SHB Martín De Jesús 0-0: Ball
1-0: Ball
2-0: Ball
3-0: Called Strike
3-1: Fly out, F7 (Flyball, 78D)
Bottom of the 4th over - 2 run(s), 2 hit(s), 0 error(s), 0 left on base; Los Cabos 2 - Niagara Falls 2
TOP OF THE 5TH
Los Cabos Cartel batting - Pitching for Niagara Falls Frenzy : LHP Manuel Rodríguez
Batting: LHB Manny Quińones 0-0: Called Strike
0-1: Hit by Pitch
Pinch Runner at 1st Sam Wallace:
Batting: RHB Stephen Wilson 0-0: Ball
1-0: Called Strike
1-1: Ball
2-1: Foul Ball, location: 2F
2-2: Ball
3-2: Base on Balls
Sam Wallace to second
Batting: LHB Marc Brown 0-0: Fly out, F8 (Flyball, 78XD)
Runner from 2nd tags up, SAFE at 3rd, no throw
Batting: RHB Dan Mason 0-0: Called Strike
0-1: Swinging Strike
0-2: Ball
1-2: Ball
2-2: SINGLE (Groundball, 6MD)
Sam Wallace scores
Stephen Wilson to second
Batting: RHB Oliver Hernández 0-0: Grounds into double play, 4-6-3 (Groundball, 34)
Top of the 5th over - 1 run(s), 1 hit(s), 0 error(s), 1 left on base; Los Cabos 3 - Niagara Falls 2
BOTTOM OF THE 5TH
Niagara Falls Frenzy batting - Pitching for Los Cabos Cartel : RHP Dillon Nelson
Now at 1B: Sam Wallace
Batting: RHB Cordell Gibson 0-0: Ball
1-0: Fly out, F7 (Flyball, 78S)
Batting: RHB Juan Carlos Rodríguez 0-0: Called Strike
0-1: Ball
1-1: Ball
2-1: Ground out 6-3 (Groundball, 6M)
Batting: RHB Eichiro Yamamoto 0-0: Ball
1-0: Fly out, F8 (Flyball, 78XD)
Bottom of the 5th over - 0 run(s), 0 hit(s), 0 error(s), 0 left on base; Los Cabos 3 - Niagara Falls 2
TOP OF THE 6TH
Los Cabos Cartel batting - Pitching for Niagara Falls Frenzy : LHP Manuel Rodríguez
Batting: SHB Julián Madrid 0-0: Ball
1-0: Called Strike
1-1: Ball
2-1: SINGLE (Flyball, 7S)
Batting: LHB José Rivas 0-0: Ball
1-0: Swinging Strike
1-1: Fly out, F7 (Flyball, 7LM)
Batting: RHB Oliver Lugo 0-0: Called Strike
0-1: Ball
1-1: Swinging Strike
1-2: Ball
2-2: Foul Ball, location: 2F
2-2: Ball
3-2: Strikes out swinging
Batting: LHB Luis González 0-0: Called Strike
0-1: Called Strike
0-2: Strikes out looking
Top of the 6th over - 0 run(s), 1 hit(s), 0 error(s), 1 left on base; Los Cabos 3 - Niagara Falls 2
BOTTOM OF THE 6TH
Niagara Falls Frenzy batting - Pitching for Los Cabos Cartel : RHP Dillon Nelson
Batting: RHB Ángel Hinojosa 0-0: Ball
1-0: Ground out 4-3 (Groundball, 4)
Batting: LHB Dante Owens 0-0: Ball
1-0: Ball
2-0: DOUBLE (Line Drive, 3D)
Batting: SHB Ray Burgess 0-0: Ground out 1-3 (Groundball, 15S)
Batting: RHB Lawrence Schroeder 0-0: Swinging Strike
0-1: Ball
1-1: Foul Ball, location: 2F
1-2: Ball
2-2: Ball
Pickoff Throw to Second - Error! E1
Dante Owens to third
3-2: Foul Ball, location: 2F
3-2: Strikes out looking
Bottom of the 6th over - 0 run(s), 1 hit(s), 1 error(s), 1 left on base; Los Cabos 3 - Niagara Falls 2
TOP OF THE 7TH
Los Cabos Cartel batting - Pitching for Niagara Falls Frenzy : LHP Manuel Rodríguez
Batting: RHB Sam Wallace 0-0: Called Strike
0-1: Swinging Strike
0-2: Ball
1-2: Ball
2-2: Fly out, F8 (Flyball, 8RD)
Batting: RHB Stephen Wilson 0-0: Foul Ball, location: 2F
0-1: Called Strike
0-2: Ball
1-2: Foul Ball, location: 2F
1-2: Foul Ball, location: 2F
1-2: Ground out 4-3 (Groundball, 4)
Batting: LHB Marc Brown 0-0: Ball
1-0: Foul Ball, location: 2F
1-1: DOUBLE (Groundball, 3L)
Batting: RHB Dan Mason 0-0: Called Strike
0-1: Called Strike
0-2: Strikes out looking
Top of the 7th over - 0 run(s), 1 hit(s), 0 error(s), 1 left on base; Los Cabos 3 - Niagara Falls 2
BOTTOM OF THE 7TH
Niagara Falls Frenzy batting - Pitching for Los Cabos Cartel : RHP Dillon Nelson
Batting: SHB Shumei Yokoyama 0-0: Fly out, F4 (Line Drive, 4)
Batting: SHB Martín De Jesús 0-0: Called Strike
0-1: Ball
1-1: Called Strike
1-2: SOLO HOME RUN (Flyball, 9LD), Distance : 394 ft
Batting: RHB Cordell Gibson 0-0: Called Strike
0-1: Swinging Strike
0-2: Ball
1-2: Strikes out swinging
Batting: RHB Juan Carlos Rodríguez 0-0: Ball
1-0: Fly out, F9 (Flyball, 9LM)
Bottom of the 7th over - 1 run(s), 1 hit(s), 0 error(s), 0 left on base; Los Cabos 3 - Niagara Falls 3
TOP OF THE 8TH
Los Cabos Cartel batting - Pitching for Niagara Falls Frenzy : LHP Manuel Rodríguez
Pitching: LHP Santiago Valentín
Batting: RHB Oliver Hernández 0-0: Swinging Strike
0-1: Foul Ball, location: 2F
0-2: SINGLE (Flyball, 7LS)
Batting: SHB Julián Madrid 0-0: Ground out 4-3 (Groundball, 13)
Oliver Hernández to second
Batting: LHB José Rivas 0-0: Ball
1-0: Ball
2-0: Called Strike
2-1: Foul Ball, location: 2F
2-2: Foul Ball, location: 2F
2-2: Foul Ball, location: 2F
2-2: Fly out, F8 (Flyball, 8RS)
Batting: RHB Oliver Lugo 0-0: Foul Ball, location: 2F
0-1: SINGLE (Groundball, 34)
Oliver Hernández to third
Runner from 3rd tries for Home, SAFE, no throw or cutoff
Batting: LHB Luis González 0-0: Ball
1-0: Foul Ball, location: 2F
1-1: Foul Ball, location: 2F
1-2: Strikes out looking
Top of the 8th over - 1 run(s), 2 hit(s), 0 error(s), 1 left on base; Los Cabos 4 - Niagara Falls 3
BOTTOM OF THE 8TH
Niagara Falls Frenzy batting - Pitching for Los Cabos Cartel : RHP Dillon Nelson
Batting: RHB Eichiro Yamamoto 0-0: Called Strike
0-1: Hit by Pitch
Pinch Hitting: LHB Clyde Yarbrough 0-0: Ball
1-0: Sac Bunt - play at first, batter OUT! U3
Eichiro Yamamoto to second
Batting: LHB Dante Owens 0-0: Called Strike
0-1: Foul Ball, location: 2F
0-2: Ball
1-2: Ball
2-2: Ball
3-2: Fly out, F3 (Line Drive, 3L)
Batting: SHB Ray Burgess 0-0: Fly out, F8 (Line Drive, 8RXD)
Bottom of the 8th over - 0 run(s), 0 hit(s), 0 error(s), 1 left on base; Los Cabos 4 - Niagara Falls 3
TOP OF THE 9TH
Los Cabos Cartel batting - Pitching for Niagara Falls Frenzy : LHP Santiago Valentín
Now at SS: Bryce Hester
Batting: RHB Sam Wallace 0-0: Called Strike
0-1: Foul Ball, location: 2F
0-2: Ball
1-2: Ball
2-2: Foul Ball, location: 2F
2-2: Strikes out swinging
Batting: RHB Stephen Wilson 0-0: Ball
1-0: Called Strike
1-1: Ball
2-1: Swinging Strike
2-2: Foul Ball, location: 2F
2-2: Fly out, F9 (Flyball, 9LS)
Batting: LHB Marc Brown 0-0: Called Strike
0-1: Swinging Strike
0-2: Foul Ball, location: 2F
0-2: Foul Ball, location: 2F
0-2: Strikes out swinging
Top of the 9th over - 0 run(s), 0 hit(s), 0 error(s), 0 left on base; Los Cabos 4 - Niagara Falls 3
BOTTOM OF THE 9TH
Niagara Falls Frenzy batting - Pitching for Los Cabos Cartel : RHP Dillon Nelson
Pitching: RHP Juan Nieto
Batting: RHB Lawrence Schroeder 0-0: Ball
1-0: Called Strike
1-1: DOUBLE (Line Drive, 7LD)
Batting: SHB Shumei Yokoyama 0-0: Ball
1-0: SINGLE (Line Drive, 9S)
Lawrence Schroeder to third
Batting: SHB Martín De Jesús 0-0: Called Strike
0-1: Squeeze Bunt - play home, runner scores, batter safe!
Lawrence Schroeder scores
Shumei Yokoyama to second
Batting: RHB Cordell Gibson 0-0: Bunt missed!
0-1: Sac Bunt - play at first, batter OUT! 5-4
Shumei Yokoyama to third
Martín De Jesús to second
Batting: RHB Juan Carlos Rodríguez 0-0: Intentional Walk
Batting: RHB Eichiro Yamamoto 0-0: Called Strike
0-1: Ball
1-1: Called Strike
1-2: Ball
2-2: Foul Ball, location: 2F
2-2: Foul Ball, location: 2F
2-2: Foul Ball, location: 2F
2-2: Ball
3-2: Base on Balls
Shumei Yokoyama scores
Martín De Jesús to third
Juan Carlos Rodríguez to second
This league is powered by Out of the Park Baseball, the baseball management simulation game for PC, Mac and Linux
Saturday, April 9th, 2016 - OOTP Baseball 16.8 Build 38